DTBL
CHICAGO KOMODOS @ NEW YORK THUNDER CHOPPERS
09/01/2020
 
TOP OF THE 1ST
Chicago Komodos batting - Pitching for New York Thunder Choppers : LHP Chris Sale
Pitching: LHP Chris Sale
Batting: SHB Jose Ramirez 0-0: Called Strike
0-1: Ball
1-1: Fly out, F8 (Flyball, 8RXD, EV 94.4 MPH)
Batting: LHB Luis Arraez 0-0: SINGLE (Line Drive, 8LS, EV 105.6 MPH)
Batting: LHB Cody Bellinger 0-0: Ball
1-0: Foul Ball, location: 2F
1-1: Ball
2-1: Foul Ball, location: 2F
2-2: Foul Ball, location: 2F
2-2: Foul Ball, location: 2F
2-2: Foul Ball, location: 2F
2-2: Ball
3-2: Fly out, F9 (Flyball, 9D, EV 95.0 MPH)
Batting: LHB Joey Gallo 0-0: Called Strike
0-1: Called Strike
0-2: Ball
1-2: Foul Ball, location: 2F
1-2: Foul Ball, location: 2F
1-2: Foul Ball, location: 2F
1-2: Strikes out swinging
Top of the 1st over - 0 runs, 1 hit, 0 errors, 1 left on base; Chicago 0 - New York 0
BOTTOM OF THE 1ST
New York Thunder Choppers batting - Pitching for Chicago Komodos : RHP Walker Buehler
Pitching: RHP Walker Buehler
Batting: RHB Harrison Bader 0-0: Ball
1-0: Ball
2-0: Called Strike
2-1: Fly out, F9 (Flyball, 9LS, EV 82.5 MPH)
Batting: RHB Whit Merrifield 0-0: SINGLE (Groundball, 56D, EV 98.8 MPH)
Batting: LHB Anthony Rizzo 0-0: Called Strike
0-1: Ball
1-1: Ball
2-1: Foul Ball, location: 2F
2-2: Foul Ball, location: 2F
2-2: Ball
3-2: DOUBLE (Line Drive, 9LM, EV 103.1 MPH)
Whit Merrifield to third
Batting: RHB Pete Alonso 0-0: Called Strike
0-1: Ball
1-1: Ball
2-1: Called Strike
2-2: Strikes out swinging
Batting: RHB Franmil Reyes 0-0: Ball
1-0: Called Strike
1-1: Swinging Strike
1-2: Foul Ball, location: 2F
1-2: Ball
2-2: Strikes out swinging
Bottom of the 1st over - 0 runs, 2 hits, 0 errors, 2 left on base; Chicago 0 - New York 0
TOP OF THE 2ND
Chicago Komodos batting - Pitching for New York Thunder Choppers : LHP Chris Sale
Batting: LHB Corey Seager 0-0: Called Strike
0-1: Ball
1-1: Foul Ball, location: 2F
1-2: Strikes out swinging
Batting: SHB Carlos Santana 0-0: Foul Ball, location: 2F
0-1: Foul Ball, location: 2F
0-2: Ball
1-2: Ball
2-2: Strikes out swinging
Batting: RHB Nick Ahmed 0-0: Ball
1-0: Ground out 5-3 (Groundball, 56, EV 81.3 MPH)
Top of the 2nd over - 0 runs, 0 hits, 0 errors, 0 left on base; Chicago 0 - New York 0
BOTTOM OF THE 2ND
New York Thunder Choppers batting - Pitching for Chicago Komodos : RHP Walker Buehler
Batting: RHB Andrew McCutchen 0-0: Ball
1-0: Called Strike
1-1: Ground out 4-3 (Groundball, 6MS, EV 71.9 MPH)
Batting: RHB Brian Anderson 0-0: Ground out 5-3 (Groundball, 15, EV 91.9 MPH)
Batting: RHB Jean Segura 0-0: Ball
1-0: Ground out 6-3 (Groundball, 6, EV 88.1 MPH)
Bottom of the 2nd over - 0 runs, 0 hits, 0 errors, 0 left on base; Chicago 0 - New York 0
TOP OF THE 3RD
Chicago Komodos batting - Pitching for New York Thunder Choppers : LHP Chris Sale
Batting: RHB Robinson Chirinos 0-0: Ball
1-0: Ball
2-0: Foul Ball, location: 2F
2-1: Ball
3-1: Hit by Pitch
Batting: RHB Starling Marte 0-0: Called Strike
0-1: Ball
1-1: Called Strike
1-2: Foul Ball, location: 2F
1-2: Ball
2-2: Reached on error, E5 (Groundball, 56S, EV 65.0 MPH)
Robinson Chirinos to second
Batting: SHB Jose Ramirez 0-0: Called Strike
0-1: Swinging Strike
0-2: Foul Ball, location: 2F
0-2: Fielders Choice at 2nd, 2-4 (Groundball, 15S, EV 70.0 MPH)
Robinson Chirinos to third
Batting: LHB Luis Arraez 0-0: Ball
Jose Ramirez steals 2nd base
1-0: Ball
2-0: Ball
3-0: Called Strike
3-1: Foul Ball, location: 2F
3-2: Base on Balls
Batting: LHB Cody Bellinger 0-0: Called Strike
0-1: Ball
1-1: Ball
2-1: Foul Ball, location: 2F
2-2: Strikes out swinging
Batting: LHB Joey Gallo 0-0: Called Strike
0-1: Swinging Strike
0-2: Strikes out looking
Top of the 3rd over - 0 runs, 0 hits, 1 error, 3 left on base; Chicago 0 - New York 0
BOTTOM OF THE 3RD
New York Thunder Choppers batting - Pitching for Chicago Komodos : RHP Walker Buehler
Batting: RHB Wilson Ramos 0-0: Ball
1-0: Fly out, F7 (Flyball, 7D, EV 84.4 MPH)
Batting: RHB Harrison Bader 0-0: Called Strike
0-1: Foul Ball, location: 2F
0-2: Ball
1-2: Foul Ball, location: 2F
1-2: Foul Ball, location: 2F
1-2: Foul Ball, location: 2F
1-2: Foul Ball, location: 2F
1-2: Strikes out swinging
Batting: RHB Whit Merrifield 0-0: Ball
1-0: Ball
2-0: DOUBLE (Line Drive, 8RD, EV 99.4 MPH)
Batting: LHB Anthony Rizzo 0-0: Hit by Pitch
Batting: RHB Pete Alonso 0-0: Called Strike
0-1: Foul Ball, location: 2F
0-2: Foul Ball, location: 2F
0-2: Foul Ball, location: 2F
0-2: Ball
1-2: Ball
2-2: SINGLE (Groundball, 6MD, EV 95.6 MPH)
Whit Merrifield to third
Anthony Rizzo to second
Runner from 3rd tries for Home, SAFE, throw by CF to home
Batting: RHB Franmil Reyes 0-0: Called Strike
0-1: Ball
1-1: Foul Ball, location: 2F
1-2: Ball
2-2: Strikes out swinging
Bottom of the 3rd over - 1 run, 2 hits, 0 errors, 2 left on base; Chicago 0 - New York 1
TOP OF THE 4TH
Chicago Komodos batting - Pitching for New York Thunder Choppers : LHP Chris Sale
Batting: LHB Corey Seager 0-0: Swinging Strike
0-1: Foul Ball, location: 2F
0-2: Strikes out looking
Batting: SHB Carlos Santana 0-0: Ball
1-0: Ball
2-0: Called Strike
2-1: Foul Ball, location: 2F
2-2: SINGLE (Line Drive, 8LS, EV 99.4 MPH)
Batting: RHB Nick Ahmed 0-0: Ball
1-0: Ball
2-0: Swinging Strike
2-1: Ball
3-1: Foul Ball, location: 2F
3-2: Foul Ball, location: 2F
3-2: Fly out, F8 (Flyball, 89D, EV 84.4 MPH)
Batting: RHB Robinson Chirinos 0-0: Ball
1-0: SINGLE (Groundball, 56D, EV 106.9 MPH)
Carlos Santana to second
Batting: RHB Starling Marte 0-0: Foul Ball, location: 2F
0-1: Foul Ball, location: 2F
0-2: Ground out 4-3 (Groundball, 4, EV 86.9 MPH)
Top of the 4th over - 0 runs, 2 hits, 0 errors, 2 left on base; Chicago 0 - New York 1
BOTTOM OF THE 4TH
New York Thunder Choppers batting - Pitching for Chicago Komodos : RHP Walker Buehler
Batting: RHB Andrew McCutchen 0-0: Ball
1-0: Fly out, F8 (Flyball, 8RD, EV 100.0 MPH)
Batting: RHB Brian Anderson 0-0: Ball
1-0: Ball
2-0: Foul Ball, location: 2F
2-1: SINGLE (Line Drive, 6D, EV 100.0 MPH)
Batting: RHB Jean Segura 0-0: Called Strike
0-1: Fly out, F1 (Line Drive, P, EV 68.1 MPH)
Batting: RHB Wilson Ramos 0-0: Ball
1-0: Ball
2-0: 2-RUN HOME RUN (Line Drive, 78XD, EV 110.0 MPH), Distance : 436 ft
Batting: RHB Harrison Bader 0-0: Ball
1-0: Swinging Strike
1-1: Called Strike
1-2: Ball
2-2: Foul Ball, location: 2F
2-2: Ball
3-2: Strikes out swinging
Bottom of the 4th over - 2 runs, 2 hits, 0 errors, 0 left on base; Chicago 0 - New York 3
TOP OF THE 5TH
Chicago Komodos batting - Pitching for New York Thunder Choppers : LHP Chris Sale
Batting: SHB Jose Ramirez 0-0: Swinging Strike
0-1: Ball
1-1: Ball
2-1: Foul Ball, location: 2F
2-2: Ground out 6-3 (Groundball, 6, EV 90.0 MPH)
Batting: LHB Luis Arraez 0-0: Called Strike
0-1: Called Strike
0-2: Strikes out swinging
Batting: LHB Cody Bellinger 0-0: Ball
1-0: Swinging Strike
1-1: Ball
2-1: Ball
3-1: Called Strike
3-2: Foul Ball, location: 2F
3-2: Base on Balls
Batting: LHB Joey Gallo 0-0: Called Strike
0-1: Swinging Strike
0-2: Ball
1-2: Strikes out swinging
Top of the 5th over - 0 runs, 0 hits, 0 errors, 1 left on base; Chicago 0 - New York 3
BOTTOM OF THE 5TH
New York Thunder Choppers batting - Pitching for Chicago Komodos : RHP Walker Buehler
Batting: RHB Whit Merrifield 0-0: Fly out, F4 (Line Drive, 4, EV 68.1 MPH)
Batting: LHB Anthony Rizzo 0-0: Ball
1-0: Called Strike
1-1: Ground out 4-3 (Groundball, 4, EV 95.0 MPH)
Batting: RHB Pete Alonso 0-0: Ball
1-0: Ball
2-0: Ground out 6-3 (Groundball, 6MS, EV 67.5 MPH)
Bottom of the 5th over - 0 runs, 0 hits, 0 errors, 0 left on base; Chicago 0 - New York 3
TOP OF THE 6TH
Chicago Komodos batting - Pitching for New York Thunder Choppers : LHP Chris Sale
Batting: LHB Corey Seager 0-0: Ball
1-0: Ball
2-0: Called Strike
2-1: Ground out 4-3 (Groundball, 4M, EV 102.5 MPH)
Batting: SHB Carlos Santana 0-0: Called Strike
0-1: Ball
1-1: Ball
2-1: Ground out 4-3 (Groundball, 4M, EV 112.5 MPH)
Batting: RHB Nick Ahmed 0-0: Called Strike
0-1: Swinging Strike
0-2: Fly out, F8 (Line Drive, 8LM, EV 88.1 MPH)
Top of the 6th over - 0 runs, 0 hits, 0 errors, 0 left on base; Chicago 0 - New York 3
BOTTOM OF THE 6TH
New York Thunder Choppers batting - Pitching for Chicago Komodos : RHP Walker Buehler
Batting: RHB Franmil Reyes 0-0: Ball
1-0: Ball
2-0: Foul Ball, location: 2F
2-1: Ball
3-1: Base on Balls
Batting: RHB Andrew McCutchen 0-0: Called Strike
0-1: Called Strike
0-2: Ball
1-2: Strikes out swinging
Batting: RHB Brian Anderson 0-0: Ball
1-0: Called Strike
1-1: Swinging Strike
1-2: Foul Ball, location: 2F
1-2: SINGLE (Groundball, 6MD, EV 97.5 MPH)
Franmil Reyes to second
Runner from 2nd tries for 3rd, SAFE, throw by CF made to third
Batting: RHB Jean Segura 0-0: Called Strike
0-1: Swinging Strike
0-2: DOUBLE (Groundball, 5L, EV 101.3 MPH)
Franmil Reyes scores
Brian Anderson to third
Pitching: RHP Emilio Pagan
Batting: RHB Wilson Ramos 0-0: Ball
1-0: Ball
2-0: Ground out 6-3 (Groundball, 6, EV 81.3 MPH)
Brian Anderson scores
Jean Segura to third
Batting: RHB Harrison Bader 0-0: Ball
1-0: Fly out, F7 (Line Drive, 7, EV 98.8 MPH)
Bottom of the 6th over - 2 runs, 2 hits, 0 errors, 1 left on base; Chicago 0 - New York 5
TOP OF THE 7TH
Chicago Komodos batting - Pitching for New York Thunder Choppers : LHP Chris Sale
Pitching: LHP Andrew Heaney
Batting: RHB Robinson Chirinos 0-0: Fly out, F3 (Popup, 23F, EV 86.9 MPH)
Batting: RHB Starling Marte 0-0: Ball
1-0: SINGLE (Groundball, 56D, EV 108.8 MPH)
Batting: SHB Jose Ramirez 0-0: Called Strike
0-1: Foul Ball, location: 2F
0-2: Ball
1-2: Fly out, F3 (Popup, 3F, EV 69.4 MPH)
Batting: LHB Luis Arraez 0-0: Ball
1-0: SINGLE (Line Drive, 8RS, EV 99.4 MPH)
Starling Marte to second
Batting: LHB Cody Bellinger 0-0: Ball
1-0: Foul Ball, location: 2F
1-1: Ball
2-1: Foul Ball, location: 2F
2-2: Ball
3-2: SINGLE (Line Drive, 8RS, EV 107.5 MPH)
Starling Marte to third
Luis Arraez to second
Starling Marte scores
Luis Arraez to third
Batting: LHB Joey Gallo 0-0: Swinging Strike
0-1: Ball
1-1: Called Strike
1-2: Foul Ball, location: 2F
1-2: Ball
2-2: Strikes out looking
Top of the 7th over - 1 run, 3 hits, 0 errors, 2 left on base; Chicago 1 - New York 5
BOTTOM OF THE 7TH
New York Thunder Choppers batting - Pitching for Chicago Komodos : RHP Emilio Pagan
Batting: RHB Whit Merrifield 0-0: Ball
1-0: Ground out 6-3 (Groundball, 56, EV 102.5 MPH)
Batting: LHB Anthony Rizzo 0-0: Foul Ball, location: 2F
0-1: Ball
1-1: Swinging Strike
1-2: Foul Ball, location: 2F
1-2: SOLO HOME RUN (Flyball, 9D, EV 96.3 MPH), Distance : 378 ft
Batting: RHB Pete Alonso 0-0: Ball
1-0: Ball
2-0: Fly out, F9 (Line Drive, 9, EV 83.8 MPH)
Batting: RHB Franmil Reyes 0-0: Swinging Strike
0-1: Foul Ball, location: 2F
0-2: Strikes out swinging
Bottom of the 7th over - 1 run, 1 hit, 0 errors, 0 left on base; Chicago 1 - New York 6
TOP OF THE 8TH
Chicago Komodos batting - Pitching for New York Thunder Choppers : LHP Andrew Heaney
Batting: LHB Corey Seager 0-0: Called Strike
0-1: Ball
1-1: Fly out, F8 (Flyball, 78D, EV 78.1 MPH)
Pitching: RHP Mitch Keller
Batting: SHB Carlos Santana 0-0: Ball
1-0: Ball
2-0: Ball
3-0: Base on Balls
Batting: RHB Nick Ahmed 0-0: Ball
1-0: Called Strike
1-1: Ball
2-1: Ball
3-1: Fly out, F9 (Line Drive, 9, EV 108.1 MPH)
Batting: RHB Robinson Chirinos 0-0: Ball
1-0: Ball
2-0: Fielders Choice at 2nd, 6-4 (Groundball, 6, EV 80.0 MPH)
Top of the 8th over - 0 runs, 0 hits, 0 errors, 1 left on base; Chicago 1 - New York 6
BOTTOM OF THE 8TH
New York Thunder Choppers batting - Pitching for Chicago Komodos : RHP Emilio Pagan
Batting: RHB Andrew McCutchen 0-0: Ground out 4-3 (Groundball, 6MS, EV 87.5 MPH)
Batting: RHB Brian Anderson 0-0: Called Strike
0-1: Called Strike
0-2: Foul Ball, location: 2F
0-2: Ball
1-2: DOUBLE (Line Drive, 9LS, EV 113.1 MPH)
Pitching: RHP Kirby Yates
Batting: RHB Jean Segura 0-0: Ball
1-0: Called Strike
1-1: Foul Ball, location: 2F
1-2: Foul Ball, location: 2F
1-2: DOUBLE (Line Drive, 7LM, EV 100.6 MPH)
Brian Anderson scores
Batting: RHB Wilson Ramos 0-0: Called Strike
0-1: 2-RUN HOME RUN (Flyball, 78XD, EV 95.0 MPH), Distance : 432 ft
Batting: RHB Harrison Bader 0-0: Called Strike
0-1: Foul Ball, location: 2F
0-2: Foul Ball, location: 2F
0-2: Foul Ball, location: 2F
0-2: Ball
1-2: Strikes out swinging
Batting: RHB Whit Merrifield 0-0: Foul Ball, location: 2F
0-1: Ball
1-1: Swinging Strike
1-2: Ball
2-2: Ground out 6-3 (Groundball, 6M, EV 103.1 MPH)
Bottom of the 8th over - 3 runs, 3 hits, 0 errors, 0 left on base; Chicago 1 - New York 9
TOP OF THE 9TH
Chicago Komodos batting - Pitching for New York Thunder Choppers : RHP Mitch Keller
Batting: RHB Starling Marte 0-0: Called Strike
0-1: DOUBLE (Line Drive, 7LD, EV 113.8 MPH)
Pitching: RHP Hunter Harvey
Batting: SHB Jose Ramirez 0-0: Called Strike
0-1: Called Strike
0-2: Ball
1-2: Strikes out swinging
Batting: LHB Luis Arraez 0-0: Swinging Strike
0-1: Ball
1-1: SINGLE (Groundball, 6MD, EV 101.3 MPH)
Starling Marte to third
Batting: LHB Cody Bellinger 0-0: SINGLE (Groundball, 3L, EV 110.0 MPH) (infield hit)
Starling Marte scores
Luis Arraez to second
Batting: LHB Joey Gallo 0-0: Ball
1-0: Swinging Strike
1-1: Swinging Strike
1-2: Strikes out looking
Batting: LHB Corey Seager 0-0: Ball
1-0: Ball
2-0: Ball
3-0: Foul Ball, location: 2F
3-1: Called Strike
3-2: Base on Balls
Luis Arraez to third
Cody Bellinger to second
Batting: SHB Carlos Santana 0-0: Fly out, F9 (Flyball, 9LS, EV 94.4 MPH)
Top of the 9th over - 1 run, 3 hits, 0 errors, 3 left on base; Chicago 2 - New York 9
Friday, June 19th, 2020 - OOTP Baseball 21.4 Build 63